 Dungeon Crawl Stone Soup version 0.31-a0-858-g469dc525a8 (webtiles) character file.

Game seed: 8074393081609656907

2374 BinkBink the Blocker (level 9, -2/71 HPs)
             Began as a Formicid Fighter on Oct 9, 2023.
             Was an Initiate of Gozag.
             Slain by an orc warrior
             ... wielding a +0 war axe
              (15 damage)
             ... in a bailey.
             The game lasted 00:12:13 (6513 turns).

BinkBink the Blocker (Formicid Fighter)             Turns: 6513, Time: 00:12:15

Health: -2/71      AC: 11    Str: 24    XL:     9   Next: 73%
Magic:  9/9        EV:  9    Int:  9    God:    Gozag
Gold:   627        SH:  6    Dex: 13    Spells: 8/8 levels left

rFire   . . .        C - +16 consecrated labrys {holy, Valiant Fragile Fly SInv}
rCold   . . .        c - +0 buckler
rNeg    . . .        b - +0 scale mail
rPois   +            (helmet unavailable)
rElec   .            h - +0 cloak
rCorr   .            v - +0 pair of gloves
SInv    +            s - +0 pair of boots
Will    .....        (no amulet)
Stlth   x              - ring of poison resistance
HPRegen 0.31/turn    (no ring)
MPRegen 0.11/turn

%: no passive effects
@: flying
A: permanent stasis, dig shafts and tunnels, antennae 3, four strong arms
a: Dig, Renounce Religion, Potion Petition, Call Merchant, Bribe Branch


You were in a bailey.
You worshipped Gozag.
Gozag was pleased with you.
You visited 2 branches of the dungeon, and saw 8 of its levels.
You also visited: Bailey.

You collected 1106 gold pieces.
You spent 383 gold pieces at shops.
You paid 96 gold pieces to Gozag.

Inventory:

Hand Weapons
 C - the +16 consecrated labrys (weapon) {holy, Valiant Fragile Fly SInv}
   (You bought it in a shop on level 3 of the Dungeon)

   Valiant:   It becomes more powerful as more dangerous foes come into view.
   SInv:      It lets you see invisible.
   Fly:       It grants you flight.
   Fragile:   It will be destroyed if unequipped.
Armour
 b - a +0 scale mail (worn)
 c - a +0 buckler (worn)
 h - a +0 cloak (worn)
 s - a +0 pair of boots (worn)
 v - a +0 pair of gloves (worn)
Jewellery
 x - a ring of poison resistance (left hand)
Wands
 u - a wand of flame (20)
 y - a wand of roots (12)
Scrolls
 f - a scroll of vulnerability {unknown}
 g - 4 scrolls of teleportation {unknown}
 i - a scroll of torment {unknown}
 j - 8 scrolls of identify {unknown}
 k - a scroll of brand weapon {unknown}
 m - 2 scrolls of noise {unknown}
 q - a scroll of immolation {unknown}
 r - a scroll of fear {unknown}
 w - a scroll of enchant weapon {unknown}
 B - a scroll of silence {unknown}
Potions
 a - a potion of heal wounds {unknown}
 d - a potion of might
 l - 3 potions of curing {unknown}
 n - 3 potions of brilliance {unknown}
 o - a potion of magic {unknown}
 p - a potion of enlightenment {unknown}
 t - 3 potions of attraction {unknown}
 z - a potion of degeneration {unknown}
 A - a potion of mutation {unknown}


   Skills:
 + Level 6.9 Fighting
 * Level 8.1 Axes
 + Level 7.0 Armour
 + Level 8.2 Shields


You had 8 spell levels left.
You didn't know any spells.
Your spell library contained the following spells:

 Spells                   Type           Power      Damage    Failure   Level
 Magic Dart               Conj           0%         1d3       71%         1
 Call Imp                 Summ           0%         N/A       85%         2
 Sublimation of Blood     Necr           0%         N/A       85%         2
 Wereblood                Tmut           0%         N/A       85%         2
 Mephitic Cloud           Conj/Pois/Air  0%         N/A       97%         3
 Manifold Assault         Tloc           0%         N/A       100%        4
 Summon Hydra             Summ           0%         N/A       100%        7
 Blink                    Tloc           Unusable   N/A       N/A         2

Dungeon Overview and Level Annotations

Branches:
Dungeon (7/15)             Temple (1/1) D:4          Bailey (1/1)

Altars:
Ashenzari
Cheibriados
Dithmenos
Elyvilon
Fedhas
Gozag
Hepliaklqana
Kikubaaqudgha
Makhleb
Nemelex Xobeh
Okawaru
Ru
Sif Muna
Trog
Uskayaw
Vehumet
Wu Jian
Yredelemnul
The Shining One

Shops:
D:1 (   D:2 [   D:3 (   D:4 =   D:6 :

Annotations:
D:4 1 runed translucent door, Crazy Yiuf, Dowan, Duvessa


Innate Abilities, Weirdness & Mutations

You cannot be hasted, slowed, berserked, paralysed or teleported.
You can dig through walls and to a lower floor.
You have a pair of large antennae on your head. (SInv)
Your four strong arms can wield two-handed weapons with a shield.


Message History

The kobold throws a boomerang.
The boomerang hits you but does no damage.
The kobold throws a boomerang.
The boomerang closely misses you.
The kobold throws a boomerang.
The boomerang hits you but does no damage.
Things that are here:
7 gold pieces; a +0 hand axe; a +0 ring mail The kobold throws a boomerang.
The boomerang hits you but does no damage.
The kobold throws a boomerang.
The boomerang hits you but does no damage.
The orc warrior no longer looks unusually strong.
Things that are here:
a +0 battleaxe; a +0 ring mail The sentinel's mark upon you fades away.
You start resting.
An orc knight is nearby!
The orc knight hits you with a +0 war axe!!
You slice the orc knight!!
The orc knight is heavily wounded.
The orc knight hits you with a +0 war axe.
You slash the orc knight!
The orc knight is severely wounded.
The orc knight roars a battlecry!
The orc warrior goes into a battle-frenzy!
You hit the orc knight but do no damage.
The orc knight is severely wounded.
You hit the orc warrior.
The orc knight hits you with a +0 war axe!
The orc warrior hits you with a +0 war axe!
* * * LOW HITPOINT WARNING * * *
The orc warrior misses you.
The orc knight hits you but does no damage.
You slash the orc knight!
The orc knight is severely wounded.
You slash the orc warrior!
The orc knight hits you but does no damage.
The orc warrior hits you with a +0 war axe!
You die...
Your body crumbles into a pile of gold.

##### ###...###
##.......##
#.........#
#....∩....#
#.........#
##.......## ##@....##
##oo.### ####)).##
####.....##
###....o..##
####......∩..##
####....$.oK.....#
#........≈≈≈≈≈≈≈≈.#
.......≈≈≈≈≈≈≈≈≈≈≈≈≈#


You could see an orc knight, 2 orc warriors and a kobold.

Vanquished Creatures
  Sigmund (D:5)
  A water moccasin (D:6)
  6 orc warriors (Bailey)
  3 ice beasts (D:6)
  A black bear (D:3)
  2 centaurs
  A bullfrog (D:6)
  3 scorpions (D:4)
  2 orc priests (D:6)
  2 hounds (D:5)
  A jelly (D:5)
  Ijyb (D:3)
  6 iguanas
  Natasha (thrice) (D:4)
  6 orc wizards
  6 gnolls
  6 adders
  A white imp (D:6)
  3 worms
  4 dart slugs
  28 orcs
  4 endoplasms
  2 giant cockroaches
  8 goblins
  7 hobgoblins
  2 quokkas (D:3)
  6 ball pythons
  6 bats
  3 frilled lizards (D:1)
  13 kobolds
  3 rats
141 creatures vanquished.

Notes
Turn   | Place    | Note
-------+----------+-------------------------------------------
     0 | D:1      | BinkBink the Formicid Fighter began the quest for the Orb.
     0 | D:1      | Reached XP level 1. HP: 18/18 MP: 1/1
   162 | D:1      | Reached XP level 2. HP: 24/24 MP: 2/2
   166 | D:1      | Found Qiyboim's Antique Weapon Emporium.
   684 | D:1      | Reached XP level 3. HP: 29/29 MP: 3/3
  1047 | D:2      | Identified the +2 robe "Ockoig" {Int+2 Slay+2}
  1052 | D:2      | Found a blossoming altar of Fedhas.
  1232 | D:2      | Reached XP level 4. HP: 37/37 MP: 4/4
  1312 | D:2      | Found Lupefiqice's Antique Armour Emporium.
  1813 | D:3      | Noticed Ijyb
  1835 | D:3      | Killed Ijyb
  1836 | D:3      | Reached XP level 5. HP: 4/42 MP: 5/5
  2110 | D:3      | Noticed a black bear
  2141 | D:3      | Killed a black bear
  2142 | D:3      | Reached skill level 5 in Shields
  2142 | D:3      | Reached XP level 6. HP: 19/48 MP: 6/6
  2418 | D:3      | Found Foagel's Weapon Shop.
  2657 | D:4      | Found a runed translucent door.
  2658 | D:4      | Noticed Crazy Yiuf
  2795 | D:4      | Noticed Natasha
  2800 | D:4      | Killed Natasha
  2821 | D:4      | Noticed Natasha
  2827 | D:4      | Killed Natasha
  2952 | D:4      | Reached XP level 7. HP: 41/55 MP: 7/7
  3070 | D:4      | Noticed Duvessa
  3090 | D:4      | Noticed Dowan
  3150 | D:4      | Noticed Natasha
  3163 | D:4      | Killed Natasha
  3164 | D:4      | Reached skill level 5 in Axes
  3228 | D:4      | Found a staircase to the Ecumenical Temple.
  3245 | Temple   | Entered the Ecumenical Temple
  3265 | Temple   | Became a worshipper of Gozag Ym Sagoz the Greedy
  3361 | D:4      | Found Jicocs's Jewellery Emporium.
  3448 | D:4      | Found a basalt altar of Yredelemnul.
  3455 | D:4      | Found a hazy altar of Hepliaklqana.
  3455 | D:4      | Found a hide-covered altar of Uskayaw.
  3751 | D:5      | Entered Level 5 of the Dungeon
  3755 | D:5      | Reached skill level 5 in Fighting
  3755 | D:5      | Reached skill level 5 in Armour
  3967 | D:5      | Reached XP level 8. HP: 60/62 MP: 8/8
  4206 | D:5      | Noticed Sigmund
  4219 | D:5      | Killed Sigmund
  4921 | D:3      | Bought the +4 consecrated labrys {holy, Valiant Fragile Fly
                  | SInv} for 383 gold pieces
  4921 | D:3      | Found the +4 consecrated labrys {holy, Valiant Fragile Fly
                  | SInv}
  5158 | D:6      | Found Iprowuh's Self-Published Books.
  5357 | D:6      | Found an ornate altar of the Wu Jian Council.
  5457 | D:6      | Reached XP level 9. HP: 57/69 MP: 9/9
  6134 | D:7      | Found a flagged portal.
  6163 | Bailey   | Entered a bailey
  6201 | Bailey   | Noticed an orc knight
  6513 | Bailey   | Slain by an orc warrior

Illustrated notes

Levels and vault maps discovered:
D:1:      dpeg_arrival_brainrot, layout_basic, serial_shops, nicolae_shop_stone
D:2:      layout_loops_ring, serial_shops, shop, basic_altar
D:3:      layout_rooms, serial_shops, nicolae_shop_bloodbath_and_beyond,
          minmay_cupped, uniq_ijyb, uniq_pargi
D:4:      layout_rooms, grunt_temple_overflow_open,
          minmay_temple_entry_offerings, serial_shops, shop, uniq_natasha,
          uniq_crazy_yiuf_cottage, uniq_duvessa
D:5:      layout_loops_ring, uniq_sigmund
D:6:      layout_loops_corners, lemuel_doored_altar, nicolae_custom_books,
          minmay_misc_feat_tiny, minmay_misc_feat_x
D:7:      layout_basic, serial_shops, nicolae_shop_competitors_out_of_business,
          enter_bailey_5
Temple:   eino_wide_crystal_templ
Bailey:   bailey_axe_4, bailey

Skill      XL: |  1  2  3  4  5  6  7  8  9 |
---------------+----------------------------+-----
Axes           | 3 4 5 6 8 |  8.1
Fighting       | 4 5 6 |  6.9
Armour         | 4 5 6 7 |  7.0
Shields        | 5 6 7 8 |  8.2

Action                     |  1- 3 |  4- 6 |  7- 9 || total
---------------------------+-------+-------+-------++-------
  Melee: War axe           |    86 |   152 |   155 ||   393
         Labrys            |       |       |    92 ||    92
   Stab: Distracted        |       |       |     1 ||     1
 Armour: Scale mail        |    53 |   131 |   211 ||   395
  Dodge: Dodged            |    47 |    68 |   124 ||   239
  Block: Buckler           |    15 |    32 |    80 ||   127

Table legend: (Time is in decaauts)
 A = Elapsed time spent in this place.
 B = Non-inter-level travel time spent in this place.
 C = Inter-level travel time spent in this place.
 D = Time resting spent in this place.
 E = Time spent auto-exploring this place.
 F = Levels seen in this place.
 G = Mean time per level.
                   A        B        C        D        E       F      G
               +--------+--------+--------+--------+--------+-----+--------+
         Total |   6665 |   6186 |    479 |    656 |   3942 |   9 |  740.6 |
       Dungeon |   6264 |   5822 |    442 |    527 |   3882 |   7 |  894.9 |
        Temple |     40 |      3 |     37 |      0 |      0 |   1 |   40.0 |
        Bailey |    360 |    360 |      0 |    129 |     60 |   1 |  360.0 |
               +--------+--------+--------+--------+--------+-----+--------+

Top non-repeatable levels by time:
     D:6: 1374 daAuts
     D:4: 1201 daAuts
     D:1: 1008 daAuts
     D:2: 966 daAuts
     D:5: 824 daAuts
     D:3: 798 daAuts
  Bailey: 360 daAuts
     D:7: 90 daAuts
  Temple: 40 daAuts
